 Dungeon Crawl Stone Soup version 0.31-a0-180-g519b7de00c (webtiles) character file.

Game seed: 5770374091165557696

361 qw the Shooter (level 6, 0/57 HPs)
             Began as a Naga Hunter on June 19, 2023.
             Was an Initiate of Okawaru.
             Slain by Pikel
             ... wielding a +1 whip of freezing
              (3 damage)
             ... on level 4 of the Dungeon.
             The game lasted 00:01:21 (3721 turns).

qw the Shooter (Naga Hunter)                        Turns: 3721, Time: 00:01:21

Health: 0/57       AC:  4    Str: 13    XL:     6   Next: 66%
Magic:  6/6        EV:  9    Int: 10    God:    Okawaru [......]
Gold:   248        SH:  0    Dex: 16    Spells: 5/5 levels left

rFire   . . .        Y - +1 shortbow
rCold   . . .        (shield currently unavailable)
rNeg    . . .        c - +0 leather armour
rPois   +            f - +0 helmet
rElec   .            (no cloak)
rCorr   .            (no gloves)
SInv    +            (no barding)
Will    .....        (no amulet)
Stlth   ++           (no ring)
HPRegen 0.29/turn    (no ring)
MPRegen 0.10/turn

%: no passive effects
@: about to teleport, short of breath, hasted (expiring), quick
A: AC +2, large, see invisible, deformed body, poison resistance, slowness 2,
spit poison 1, naga tail 1
a: Spit Poison, Renounce Religion


You were on level 4 of the Dungeon.
You worshipped Okawaru.
Okawaru was noncommittal.
You visited 2 branches of the dungeon, and saw 6 of its levels.

You collected 248 gold pieces.


Innate Abilities, Weirdness & Mutations

Your serpentine skin is tough. (AC +2)
You have supernaturally acute eyesight. (SInv)
Armour fits poorly on your strangely shaped body.
Your system is resistant to poisons. (rPois)
You cover ground very slowly.
You can spit poison.
You have a snake-like lower body.


   Skills:
 - Level 4.2 Fighting
 + Level 6.1 Ranged Weapons
 - Level 1.5 Dodging
 - Level 1.5 Stealth


You had 5 spell levels left.
You didn't know any spells.
Your spell library was empty.

Inventory:

Hand Weapons
 Y - a +1 shortbow (weapon)
Armour
 c - a +0 leather armour (worn)
 f - a +0 helmet (worn)
Scrolls
 h - a scroll of identify
Potions
 a - a potion of cancellation {unknown}
 b - a potion of haste
 e - a potion of heal wounds {unknown}
 g - a potion of might

Dungeon Overview and Level Annotations

Branches:
Dungeon (5/15)             Temple (1/1) D:4

Altars:
Dithmenos
Elyvilon
Fedhas
Gozag
Hepliaklqana
Kikubaaqudgha
Nemelex Xobeh
Okawaru
Qazlal
Ru
Trog
Wu Jian
Xom
Yredelemnul
Zin
The Shining One

Shops:
D:3 (

Annotations:
D:4 Pikel


Message History

The arrow hits Pikel but does no damage.
Pikel is heavily wounded.
Pikel looks more healthy.
The lemure closely misses you.
Pikel hits you with a +1 whip of freezing.
Pikel freezes you.
You shoot an arrow. The arrow hits Pikel!
Pikel is severely wounded.
The lemure hits you! Pikel closely misses you.
You shoot an arrow. The arrow closely misses Pikel.
You shoot an arrow. The arrow closely misses Pikel.
The lemure closely misses you.
Pikel hits you with a +1 whip of freezing.
Pikel freezes you.
You shoot an arrow. The arrow hits Pikel.
Pikel is almost dead.
The lemure hits you.
Pikel hits you with a +1 whip of freezing.
Pikel freezes you.
3718 ||| READING scroll of teleportation.
As you read the scroll of teleportation, it crumbles to dust.
You feel strangely unstable.
Your extra speed is starting to run out.
The lemure hits you.
Pikel says, "I touched Geryon's horn once."
Pikel misses you.
You shoot an arrow. The arrow barely misses Pikel.
You have got your breath back.
3720 ||| INVOKING Spit Poison.
Aiming: Spit Poison (1% risk of failure)
Press: ? - help, Shift-Dir - straight line, f/p - Pikel The splash of poison hits Pikel.
Pikel is almost dead.
The lemure hits you.
Pikel hits you with a +1 whip of freezing.
Pikel freezes you.
You shoot an arrow. The arrow hits Pikel.
Pikel is almost dead.
The lemure closely misses you.
Pikel hits you with a +1 whip of freezing.
You die...

.............#.#..#.#.#.##.#.....
..................#...........#.#
.....................##.#.#.#.#..
...................#....#.#.#....
...................#.............
......##.............#.#.>.#.##..
.....######.......##.#.#...#....#
....## #.......5.......#....#..
...## ##......@K..#.##.#.##.#..
..## ##...###.....#............
.## ##...## #..(#....##.#.#.#..
.######...## #...#.##./..#.#.#.#
.>........# ##.................
..........# #.................
..........# #.................
..####....## ##................
### ##....## #..........######


You could see Pikel and a lemure.

Vanquished Creatures
  2 hounds (D:4)
  An orc priest (D:3)
  A gnoll bouda (D:4)
  2 iguanas (D:4)
  An orc wizard (D:4)
  4 gnolls (D:4)
  4 adders
  3 worms
  A dart slug (D:4)
  4 orcs
  5 endoplasms
  6 giant cockroaches
  8 goblins
  9 hobgoblins
  2 jackals (D:1)
  2 quokkas
  8 ball pythons
  3 bats
  2 frilled lizards
  6 kobolds
  7 rats
81 creatures vanquished.

Notes
Turn   | Place    | Note
-------+----------+-------------------------------------------
     0 | D:1      | qw the Naga Hunter began the quest for the Orb.
     0 | D:1      | Reached XP level 1. HP: 19/19 MP: 1/1
     0 | D:1      | 0 ||| qw: Version: 0.3-a-7-ge0c9b40
     0 | D:1      | 0 ||| qw: Game counter: 926
     0 | D:1      | 0 ||| qw: Always use a shield: true
     0 | D:1      | 0 ||| qw: God list: Okawaru
     0 | D:1      | 0 ||| qw: Allow faded altars: false
     0 | D:1      | 0 ||| qw: Do Orc after D:15 true
     0 | D:1      | 0 ||| qw: Do second Lair branch before Depths: true
     0 | D:1      | 0 ||| qw: Lair rune preference: random
     0 | D:1      | 0 ||| qw: Plans: Normal
     0 | D:1      | 0 ||| PLANNING D:1-11
    83 | D:1      | 83 ||| INVOKING Spit Poison.
   106 | D:1      | 106 ||| INVOKING Spit Poison.
   110 | D:1      | Reached skill level 4 in Ranged Weapons
   110 | D:1      | Reached XP level 2. HP: 26/26 MP: 2/2
   142 | D:1      | 142 ||| INVOKING Spit Poison.
   164 | D:1      | 164 ||| INVOKING Spit Poison.
   168 | D:1      | 168 ||| INVOKING Spit Poison.
   171 | D:1      | 171 ||| INVOKING Spit Poison.
   180 | D:1      | 180 ||| INVOKING Spit Poison.
   505 | D:1      | 505 ||| INVOKING Spit Poison.
   544 | D:1      | 544 ||| INVOKING Spit Poison.
   552 | D:1      | 552 ||| INVOKING Spit Poison.
   600 | D:1      | 600 ||| INVOKING Spit Poison.
   685 | D:1      | 685 ||| DROPPING +6 ring of intelligence.
   686 | D:1      | 686 ||| DROPPING scroll of butterflies.
   803 | D:2      | 803 ||| INVOKING Spit Poison.
   804 | D:2      | Reached XP level 3. HP: 32/32 MP: 3/3
   858 | D:2      | 858 ||| INVOKING Spit Poison.
   901 | D:2      | 901 ||| INVOKING Spit Poison.
   917 | D:2      | Found a faded altar of an unknown god.
   940 | D:2      | Found a bloodstained altar of Trog.
   974 | D:2      | 974 ||| INVOKING Spit Poison.
   981 | D:2      | 981 ||| INVOKING Spit Poison.
  1010 | D:2      | 1010 ||| INVOKING Spit Poison.
  1016 | D:2      | 1016 ||| INVOKING Spit Poison.
  1022 | D:2      | 1022 ||| INVOKING Spit Poison.
  1168 | D:2      | 1168 ||| INVOKING Spit Poison.
  1203 | D:2      | 1203 ||| INVOKING Spit Poison.
  1228 | D:2      | 1228 ||| INVOKING Spit Poison.
  1234 | D:2      | 1234 ||| INVOKING Spit Poison.
  1292 | D:2      | 1292 ||| INVOKING Spit Poison.
  1293 | D:2      | Reached skill level 5 in Ranged Weapons
  1293 | D:2      | Reached XP level 4. HP: 39/39 MP: 4/4
  1350 | D:2      | 1350 ||| INVOKING Spit Poison.
  1362 | D:2      | 1362 ||| READING scroll labelled EBLEAGH USSA.
  1363 | D:2      | 1363 ||| READING scroll labelled DUMAUS MAISCH.
  1364 | D:2      | 1364 ||| DRINKING 2 silvery potions.
  1434 | D:3      | 1434 ||| INVOKING Spit Poison.
  1464 | D:3      | 1464 ||| INVOKING Spit Poison.
  1480 | D:3      | Found Paulit's Antique Weapon Shoppe.
  1509 | D:3      | 1509 ||| INVOKING Spit Poison.
  1515 | D:3      | 1515 ||| INVOKING Spit Poison.
  1518 | D:3      | 1518 ||| INVOKING Spit Poison.
  1576 | D:3      | 1576 ||| INVOKING Spit Poison.
  1604 | D:3      | 1604 ||| INVOKING Spit Poison.
  1622 | D:3      | 1622 ||| INVOKING Spit Poison.
  1647 | D:3      | 1647 ||| INVOKING Spit Poison.
  1704 | D:3      | 1704 ||| INVOKING Spit Poison.
  1720 | D:3      | 1720 ||| INVOKING Spit Poison.
  1725 | D:3      | 1725 ||| INVOKING Spit Poison.
  1726 | D:3      | Reached skill level 3 in Fighting
  1729 | D:3      | 1729 ||| INVOKING Spit Poison.
  1804 | D:3      | 1804 ||| INVOKING Spit Poison.
  1809 | D:3      | 1809 ||| INVOKING Spit Poison.
  1810 | D:3      | Reached XP level 5. HP: 49/49 MP: 5/5
  1929 | D:3      | 1929 ||| UPGRADING to +0 helmet.
  1934 | D:3      | 1934 ||| READING scroll labelled YSHUINL JIYST.
  1935 | D:3      | 1935 ||| READING scroll labelled RAOMMI JIWUNI.
  1976 | D:4      | 1976 ||| INVOKING Spit Poison.
  1983 | D:4      | 1983 ||| INVOKING Spit Poison.
  2015 | D:4      | 2015 ||| INVOKING Spit Poison.
  2060 | D:4      | 2060 ||| INVOKING Spit Poison.
  2121 | D:4      | 2121 ||| INVOKING Spit Poison.
  2126 | D:4      | 2126 ||| INVOKING Spit Poison.
  2192 | D:4      | 2192 ||| INVOKING Spit Poison.
  2301 | D:4      | Found a staircase to the Ecumenical Temple.
  2302 | D:4      | 2302 ||| PLANNING TEMPLE
  2302 | D:4      | 2302 ||| READING scroll labelled FUOSMUZ UNTUTS.
  2309 | Temple   | Entered the Ecumenical Temple
  2425 | Temple   | 2425 ||| PLANNING OKAWARU WORSHIP
  2503 | Temple   | Became a worshipper of Warmaster Okawaru
  2504 | Temple   | 2504 ||| PLANNING D:1-11
  2579 | D:4      | 2579 ||| INVOKING Spit Poison.
  2585 | D:4      | 2585 ||| INVOKING Spit Poison.
  2716 | D:4      | 2716 ||| INVOKING Spit Poison.
  2786 | D:4      | 2786 ||| INVOKING Spit Poison.
  2859 | D:4      | 2859 ||| INVOKING Spit Poison.
  2860 | D:4      | Reached skill level 6 in Ranged Weapons
  2860 | D:4      | Reached XP level 6. HP: 56/56 MP: 6/6
  2862 | D:4      | 2862 ||| INVOKING Spit Poison.
  2865 | D:4      | 2865 ||| INVOKING Spit Poison.
  2869 | D:4      | 2869 ||| INVOKING Spit Poison.
  2873 | D:4      | 2873 ||| FLEEEEING.
  2874 | D:4      | 2874 ||| FLEEEEING.
  2875 | D:4      | 2875 ||| FLEEEEING.
  2876 | D:4      | 2876 ||| FLEEEEING.
  2877 | D:4      | 2877 ||| FLEEEEING.
  2878 | D:4      | 2878 ||| FLEEEEING.
  2879 | D:4      | 2879 ||| FLEEEEING.
  2880 | D:4      | 2880 ||| FLEEEEING.
  2881 | D:4      | 2881 ||| FLEEEEING.
  2882 | D:4      | 2882 ||| FLEEEEING.
  2886 | D:4      | 2886 ||| INVOKING Spit Poison.
  2889 | D:4      | 2889 ||| INVOKING Spit Poison.
  2907 | D:4      | 2907 ||| INVOKING Spit Poison.
  2908 | D:4      | 2908 ||| Stepping ~*~*~tactically~*~*~ (outnumbered).
  2913 | D:4      | 2913 ||| INVOKING Spit Poison.
  2934 | D:4      | 2934 ||| Stepping ~*~*~tactically~*~*~ (outnumbered).
  2936 | D:4      | 2936 ||| INVOKING Spit Poison.
  2942 | D:4      | 2942 ||| INVOKING Spit Poison.
  2946 | D:4      | 2946 ||| INVOKING Spit Poison.
  2972 | D:4      | 2972 ||| Stepping ~*~*~tactically~*~*~ (outnumbered).
  2974 | D:4      | 2974 ||| Stepping ~*~*~tactically~*~*~ (outnumbered).
  2976 | D:4      | 2976 ||| INVOKING Spit Poison.
  2982 | D:4      | 2982 ||| INVOKING Spit Poison.
  2986 | D:4      | 2986 ||| INVOKING Spit Poison.
  2988 | D:4      | HP: 13/57 [gnoll bouda/+0 club (8)]
  2989 | D:4      | 2989 ||| READING 2 scrolls of teleportation.
  2990 | D:4      | 2990 ||| INVOKING Spit Poison.
  3413 | D:4      | 3413 ||| INVOKING Spit Poison.
  3416 | D:4      | 3416 ||| INVOKING Spit Poison.
  3576 | D:4      | 3576 ||| READING scroll labelled GUHUSU LENAOH.
  3677 | D:4      | 3677 ||| READING scroll labelled SOTSIT LEOWN.
  3678 | D:4      | 3678 ||| DRINKING 2 pink potions.
  3697 | D:5      | Entered Level 5 of the Dungeon
  3697 | D:5      | Noticed Pikel
  3698 | D:5      | 3698 ||| PLANNING OSSUARY
  3698 | D:5      | 3698 ||| INVOKING Spit Poison.
  3702 | D:5      | 3702 ||| INVOKING Spit Poison.
  3708 | D:5      | 3708 ||| STAIRDANCE
  3710 | D:4      | 3710 ||| INVOKING Spit Poison.
  3717 | D:4      | HP: 14/57 [Pikel/+1 whip of freezing (3)]
  3718 | D:4      | 3718 ||| READING scroll of teleportation.
  3720 | D:4      | 3720 ||| INVOKING Spit Poison.
  3720 | D:4      | HP: 4/57 [Pikel/+1 whip of freezing (4)]
  3721 | D:4      | Slain by Pikel

Levels and vault maps discovered:
D:1:      psy_arrival_radial02, layout_loops_ring
D:2:      layout_basic, shapermc_ecumenical_altar_mp_ritualfount, basic_altar
D:3:      layout_loops_ring, serial_shops, nicolae_shop_tiny_waterfront
D:4:      cheibrodos_barr_body, layout_layer_cave, minmay_temple_entry_ruins,
          chequers_serial_rivers_small_b, corexii_shack
D:5:      layout_rooms, nicolae_ossuary_entry_giza, patterned_corridor,
          uniq_pikel
Temple:   nicolae_temple_slightly_damp_pantheon

Skill      XL: |  1  2  3  4  5  6 |
---------------+-------------------+-----
Ranged Weapons | 4 5 6 |  6.1
Fighting       | 3 4 |  4.2
Dodging        | |  1.5
Stealth        | |  1.5

Action                     |  1- 3 |  4- 6 || total
---------------------------+-------+-------++-------
   Fire: Shortbow          |    61 |   116 ||   177
Ability: Spit Poison       |    24 |    48 ||    72
    Use: Scroll            |       |     9 ||     9
         Potion            |       |     2 ||     2
 Armour: Leather armour    |     9 |     8 ||    17
  Dodge: Dodged            |    10 |    38 ||    48

Table legend:
 A = Non-vault XP
 B = Vault XP
 C = Vault XP percentage of total XP
 D = Non-vault monster count
 E = Vault monster count
 F = Vault count percentage of total count
                 A         B        C        D         E       F
            +---------+---------+-------+---------+---------+-------
      Total |     371 |     145 |  28.1 |      69 |      12 |  14.8
            +---------+---------+-------+---------+---------+-------
        D:1 |      32 |       0 |   0.0 |      19 |       0 |   0.0
        D:2 |      51 |       0 |   0.0 |      17 |       0 |   0.0
        D:3 |      88 |       0 |   0.0 |      18 |       0 |   0.0
        D:4 |     200 |     145 |  42.0 |      15 |      12 |  44.4
            +---------+---------+-------+---------+---------+-------
